 Dungeon Crawl Stone Soup version 0.28-a0-537-g3bccd9ccbf (webtiles) character file.

Game seed: 15456065619537557924

845 heikuro the Chopper (level 8, 0/62 HPs)
             Began as a Formicid Fighter on Sept 28, 2021.
             Was a Follower of the Shining One.
             Slain by an orc warrior (1 damage)
             ... on level 5 of the Dungeon.
             The game lasted 00:06:21 (3496 turns).

heikuro the Chopper (Formicid Fighter)              Turns: 3496, Time: 00:06:21

Health: 0/62       AC:  9    Str: 24    XL:     8   Next: 20%
Magic:  10/10      EV:  7    Int:  7    God:    the Shining One [*.....]
Gold:   126        SH: 10    Dex: 10    Spells: 7/7 levels left

rFire   . . .      SeeInvis +   a - +1 hand axe (vorpal)
rCold   . . .      Faith    .   s - +2 kite shield
rNeg    . . .      Spirit   .   p - +0 chain mail
rPois   .          Reflect  .   (helmet unavailable)
rElec   .          Harm     .   (no cloak)
rCorr   .          Rampage  .   (no gloves)
Will    +....                   (no boots)
Stlth   ..........              l - amulet of the acrobat
HPRegen 0.20/turn               f - ring of willpower
MPRegen 0.12/turn               (no ring)

@: mighty, glowing
A: permanent stasis, dig shafts and tunnels, antennae 3, four strong arms
a: Dig, Shaft Self, Renounce Religion


You were on level 5 of the Dungeon.
You worshipped the Shining One.
The Shining One was aware of your devotion.
You visited 2 branches of the dungeon, and saw 6 of its levels.

You collected 126 gold pieces.

Inventory:

Hand Weapons
 a - a +1 vorpal hand axe (weapon)
 h - a +0 war axe
Missiles
 c - 2 silver javelins (quivered)
Armour
 p - a +0 chain mail (worn)
 s - a +2 kite shield (worn)
Jewellery
 f - a ring of willpower (left hand)
 l - an amulet of the acrobat (around neck)
Scrolls
 e - a scroll of teleportation {unknown}
 j - a scroll of amnesia {unknown}
 n - a scroll of holy word {unknown}
 o - a scroll of noise {unknown}
Potions
 b - a potion of brilliance
 d - a potion of might
 i - 2 potions of curing
 m - a potion of heal wounds


   Skills:
 + Level 5.3 Fighting
 * Level 5.6 Axes
 + Level 5.2 Armour
 + Level 5.1 Shields
 + Level 3.3 Invocations


You had 7 spell levels left.
You didn't know any spells.
Your spell library contained the following spells:

 Spells                   Type           Power      Damage    Failure   Level
 Lesser Beckoning         Tloc           0%         N/A       100%        3
 Manifold Assault         Tloc           0%         N/A       100%        5
 Blink                    Tloc           Unusable   N/A       N/A         2

Dungeon Overview and Level Annotations

Branches:
Dungeon (5/15)             Temple (1/1) D:4

Altars:
Ashenzari
Cheibriados
Dithmenos
Elyvilon
Fedhas
Gozag
Hepliaklqana
Kikubaaqudgha
Makhleb
Nemelex Xobeh
Okawaru
Qazlal
Sif Muna
Trog
Vehumet
Xom
Yredelemnul
Zin
The Shining One

Shops:
D:5 *


Innate Abilities, Weirdness & Mutations

You cannot be hasted, slowed, berserked, paralysed or teleported.
You can dig through walls and to a lower floor.
You have a pair of large antennae on your head. (SInv)
Your four strong arms can wield two-handed weapons with a shield.


Message History

The orc wizard is lightly wounded.
You block the orc wizard's attack.
You slash the orc wizard!
The orc wizard is almost dead.
The orc wizard hits you but does no damage.
You hit the orc warrior.
The orc warrior is moderately wounded.
The orc warrior hits you with a +0 mace.
* * * LOW HITPOINT WARNING * * *
You slash the orc warrior!
The orc warrior is severely wounded.
You hear the rusting of a drain very nearby.
The orc wizard closely misses you. You block the orc warrior's attack.
You slash the orc wizard!
You kill the orc wizard!
You hit the orc warrior.
The orc wizard gestures wildly while chanting.
The orc wizard flickers and vanishes for a moment.
The orc warrior hits you with a +0 mace!
* * * LOW HITPOINT WARNING * * *
Your chain mail prevents you from hitting the orc warrior.
The orc warrior is almost dead.
You block the orc warrior's attack.
Unknown command.
Your shield prevents you from hitting the orc warrior.
The orc warrior is almost dead.
You slash the orc wizard!
The orc wizard hits you but does no damage.
The orc warrior hits you with a +0 mace.
The Shining One protects you from harm! You block the orc wizard's attack.
You hit the orc warrior but do no damage.
The orc warrior is almost dead.
You hit the orc wizard.
You kill the orc wizard!
The orc warrior hits you with a +0 mace.
* * * LOW HITPOINT WARNING * * *
You block the orc wizard's attack.
The orc warrior hits you with a +0 mace.
You die...

####<#h# { . #####.# #.#
.. ..#h..# #.#
...#.##.#.###.#.#
.........#.# #.#.# #
#..!##.#.###.#.# #
#.#....#.......#o# .#
#.#.#..#..####.#o# ..##.
..#....#..#....#@#......
######.......#.o...###.
'................?......
###.#....#.#####.#...#..
# #.##.###.#.....#...# #
#....# #.#.....#...## #
########...[⌠..#.....
#<.......#..####
#.#.........#


You could see an orc warrior, an orc wizard and an orc.

Vanquished Creatures
  Sigmund (D:4)
  A necrophage (D:4)
  An ogre (D:5)
  A phantom (D:5)
  A wyvern zombie (D:5)
  A scorpion (D:4)
  2 centaur skeletons (D:4)
  A bullfrog skeleton (D:5)
  A jelly (D:5)
  2 orc wizards (D:5)
  4 gnolls (D:4)
  6 adders
  2 adder skeletons (D:4)
  5 worms
  2 dart slugs
  9 orcs
  4 ball pythons
  7 endoplasms
  4 giant cockroaches
  3 goblins
  7 hobgoblins
  2 jackals (D:4)
  6 kobolds
  4 quokkas
  3 bats
  3 frilled lizards
  7 rats
90 creatures vanquished.

Notes
Turn   | Place    | Note
-------+----------+-------------------------------------------
     0 | D:1      | heikuro the Formicid Fighter began the quest for the Orb.
     0 | D:1      | Reached XP level 1. HP: 18/18 MP: 1/1
   201 | D:1      | Reached XP level 2. HP: 24/24 MP: 2/2
   668 | D:2      | Reached XP level 3. HP: 26/29 MP: 3/3
   886 | D:2      | Reached XP level 4. HP: 37/37 MP: 4/4
  1659 | D:3      | Reached XP level 5. HP: 28/42 MP: 5/5
  1911 | D:3      | Found a faded altar of an unknown god.
  2034 | D:3      | Found a faded altar of an unknown god.
  2089 | D:3      | Found a hazy altar of Hepliaklqana.
  2303 | D:4      | Noticed a necrophage
  2303 | D:4      | Found a staircase to the Ecumenical Temple.
  2309 | Temple   | Entered the Ecumenical Temple
  2365 | Temple   | Became a worshipper of the Shining One
  2382 | D:4      | Killed a necrophage
  2383 | D:4      | Reached skill level 1 in Invocations
  2383 | D:4      | Reached XP level 6. HP: 42/49 MP: 5/7
  2465 | D:4      | Found an ancient bone altar of Kikubaaqudgha.
  2631 | D:4      | Noticed Sigmund
  2680 | D:4      | Killed Sigmund
  2681 | D:4      | Reached XP level 7. HP: 44/55 MP: 8/8
  2978 | D:4      | Reached skill level 5 in Axes
  3297 | D:5      | Entered Level 5 of the Dungeon
  3329 | D:5      | Found Imuehuos's Elemental Accessories.
  3350 | D:5      | Reached skill level 5 in Fighting
  3359 | D:5      | Found an iron altar of Okawaru.
  3362 | D:5      | Found a radiant altar of Vehumet.
  3398 | D:5      | Reached skill level 5 in Armour
  3419 | D:5      | Reached XP level 8. HP: 21/62 MP: 10/10
  3428 | D:5      | HP: 2/62 [wyvern zombie (6)]
  3431 | D:5      | Reached skill level 5 in Shields
  3484 | D:5      | Reached * piety under the Shining One
  3495 | D:5      | The Shining One protects you from harm!
  3496 | D:5      | HP: 1/62 [orc warrior (4)]
  3496 | D:5      | Slain by an orc warrior

Illustrated notes

Levels and vault maps discovered:
D:1:      erik_arrival_triangle_small, layout_basic
D:2:      layout_rooms
D:3:      layout_rooms, beargit_hepliaklqana_dungeon_heroes,
          ebering_ecumenical_altar_mist
D:4:      layout_cave_pools, mainiacjoe_overflow_catwalk,
          minmay_temple_entry_trees, uniq_sigmund
D:5:      layout_basic, overflow_temple_1_default,
          mainiacjoe_overflow_catwalk_spiral, gup_sewer_entry_bubbles,
          solitary_fountain, nicolae_elemental_shop, hangedman_decor_riveting
Temple:   eino_wide_crystal_templ

Skill      XL: |  1  2  3  4  5  6  7  8 |
---------------+-------------------------+-----
Axes           | 3 4 5 |  5.6
Fighting       | 4 5 |  5.3
Armour         | 4 5 |  5.2
Shields        | 4 5 |  5.1
Invocations    | 1 2 3 |  3.3

Action                   |  1- 3 |  4- 6 |  7- 9 || total
-------------------------+-------+-------+-------++-------
Melee: War axe           |    23 |       |       ||    23
       Hand axe          |    33 |   141 |    70 ||   244
Throw: Javelin           |       |       |     2 ||     2
 Abil: Dig               |       |     1 |     1 ||     2
  Use: Potion            |       |     1 |     1 ||     2
       Scroll            |       |       |     6 ||     6
Armor: Scale mail        |    15 |    37 |       ||    52
       Chain mail        |       |    17 |    21 ||    38
Dodge: Dodged            |    29 |    64 |    11 ||   104
Block: Buckler           |    10 |    18 |       ||    28
       Kite shield       |       |    36 |    41 ||    77

Table legend: (Time is in decaauts)
 A = Elapsed time spent in this place.
 B = Non-inter-level travel time spent in this place.
 C = Inter-level travel time spent in this place.
 D = Time resting spent in this place.
 E = Time spent auto-exploring this place.
 F = Levels seen in this place.
 G = Mean time per level.
                   A        B        C        D        E       F      G
               +--------+--------+--------+--------+--------+-----+--------+
         Total |   3551 |   3371 |    180 |    665 |   1598 |   6 |  591.8 |
       Dungeon |   3483 |   3303 |    180 |    665 |   1566 |   5 |  696.6 |
        Temple |     67 |     67 |      0 |      0 |     32 |   1 |   67.0 |
               +--------+--------+--------+--------+--------+-----+--------+

Top non-repeatable levels by time:
     D:4: 896 daAuts
     D:3: 877 daAuts
     D:2: 873 daAuts
     D:1: 629 daAuts
     D:5: 206 daAuts
  Temple: 67 daAuts
